 Dungeon Crawl Stone Soup version 0.18.1-48-g4cf74bf (webtiles) character file.

1930 Jerry the Chiller (level 8, -2/52 HPs)
             Began as a Vampire Ice Elementalist on Aug 10, 2016.
             Was an Initiate of Kikubaaqudgha.
             Succumbed to Erica's bolt of poison
             ... on level 7 of the Dungeon.
             The game lasted 01:04:56 (7609 turns).

Jerry the Chiller (Vampire Ice Elementalist)        Turns: 7609, Time: 01:04:59

Health: -2/52      AC: 20    Str: 10    XL:     8   Next: 97%
Magic:  11/11      EV: 14    Int: 22    God:    Kikubaaqudgha [......]
Gold:   317        SH:  5    Dex: 14    Spells: 3 memorised, 3 levels left

rFire  . . .     SeeInvis +     s - +0 hunting sling
rCold  . . .     Gourm    .     f - +3 leather armour
rNeg   . . .     Faith    .     l - +0 buckler
rPois  .         Spirit   .     (no helmet)
rElec  .         Dismiss  .     y - +2 cloak
rCorr  .         Reflect  .     D - +1 pair of gloves {Str+3}
SustAt .         Harm     .     E - +2 pair of boots {Stlth+}
MR     .....                    u - amulet of magic regeneration
Stlth  ++++......               j - +2 ring of intelligence
                                k - ring of stealth

@: lethally poisoned (-2 -> -26), icy armour, regenerating quickly, slow, not
resistant to hostile enchantments, stealthy
A: fangs 3, see invisible, unbreathing
a: Renounce Religion


You were on level 7 of the Dungeon.
You worshipped Kikubaaqudgha.
Kikubaaqudgha was noncommittal.
You were full.

You visited 2 branches of the dungeon, and saw 9 of its levels.

You collected 317 gold pieces.

Inventory:

Hand Weapons
 c - a +0 whip of draining
 g - a +0 dagger of venom
 s - a +0 hunting sling (weapon)
 I - a +0 shortbow
Missiles
 q - 34 sling bullets (quivered)
 J - 92 arrows
Armour
 a - a +0 robe
 f - a +3 leather armour (worn)
 l - a +0 buckler (worn)
 y - a +2 cloak (worn)
 D - a +1 pair of gloves of strength (worn)
 E - a +2 pair of boots of stealth (worn)
Jewellery
 j - a +2 ring of intelligence (right hand)
 k - a ring of stealth (left hand)
 u - an amulet of magic regeneration (around neck)
 z - an uncursed ring of resist corrosion
Wands
 e - a wand of digging (19/24)
 G - a wand of flame (25/48)
Scrolls
 o - a scroll of magic mapping
 w - a scroll of immolation
 x - 3 scrolls of teleportation
 A - a scroll of remove curse
 B - a scroll of enchant armour
Potions
 d - 3 potions of flight
 h - a potion of magic {unknown}
 m - 2 potions of brilliance {unknown}
 n - a potion of curing {unknown}
 p - 2 potions of agility {unknown}
 r - 2 potions of cure mutation {unknown}
 t - 5 potions of lignification {unknown}
 v - 3 potions of might {unknown}
 C - a potion of resistance {unknown}
Books
 b - a book of Frost

   Spells                             Type                      Level
   a - Freeze                         Ice                          1
   b - Throw Frost                    Conjuration/Ice              2
   c - Ozocubu's Armour               Charms/Ice                   3
   d - Throw Icicle                   Conjuration/Ice              4
   e - Summon Ice Beast               Ice/Summoning                4
 i - a Fen Folio

   Spells                             Type                      Level
   a - Corpse Rot                     Necromancy                   2
   b - Stone Arrow                    Conjuration/Earth            3
   c - Leda's Liquefaction            Hexes/Earth                  4
   d - Summon Forest                  Summoning/Translocation      5
   e - Hydra Form                     Transmutation                6
   f - Summon Hydra                   Summoning                    7
 H - a book of the Dragon

   Spells                             Type                      Level
   a - Flame Tongue                   Conjuration/Fire             1
   b - Cause Fear                     Hexes                        4
   c - Bolt of Fire                   Conjuration/Fire             6
   d - Dragon Form                    Transmutation                7
   e - Dragon's Call                  Summoning                    9


   Skills:
 - Level 5.1 Dodging
 - Level 3.0 Stealth
 - Level 4.8 Shields
 - Level 2.0 Spellcasting
 + Level 3.9 Conjurations
 - Level 3.4 Charms
 - Level 3.8 Necromancy
 - Level 6.5 Ice Magic


You had 3 spell levels left.
You knew the following spells:

 Your Spells              Type           Power        Failure   Level  Hunger
a - Freeze                Ice            ####         1%          1    #......
b - Ozocubu's Armour      Chrm/Ice       ###.....     10%         3    ###....
c - Throw Icicle          Conj/Ice       ####....     24%         4    #####..


Dungeon Overview and Level Annotations

Branches:
Dungeon (8/15)             Temple (1/1) D:5
   Lair: D:8-11

Altars:
Ashenzari
Cheibriados
Dithmenos
Elyvilon
Fedhas
Gozag
Kikubaaqudgha
Makhleb
Nemelex Xobeh
Okawaru
Pakellas
Qazlal
Ru
Sif Muna
Trog
Vehumet
Xom
Yredelemnul
Zin
The Shining One

Shops:
D:4 :=!}[

Annotations:
D:6 Menkaure
D:8 Erica; Gottschkopf's ghost, novice DrTm


Innate Abilities, Weirdness & Mutations

Your natural rate of healing is unusually fast.
You have razor-sharp teeth.
You have supernaturally acute eyesight.
You can survive without breathing.


Message History

The sling bullet hits Erica but does no damage.
Erica screams, "Hurry, death AWAITS you!"
Firing (i - inventory):
q - 35 sling bullets (quivered)
Press: ? - help, Shift-Dir - straight line, f/p - Erica
Aim: Erica, wielding a scimitar of flaming and wearing a glowing robe You shoot a sling bullet.
The sling bullet hits Erica.
Erica is lightly wounded.
Erica gestures at you while chanting. The bolt of poison hits you!
You are poisoned.
You can't go down here!
You feel sick. Erica casts a spell at you. The bolt of poison hits you!
You are more poisoned.
Ouch! That really hurt!
* * * LOW HITPOINT WARNING * * *
You climb upwards.
You die...
Kikubaaqudgha rasps: "You have failed me!
Welcome... oblivion!"

..#..........###.# #............
........###...##.# #..(......##.
........##....##.#####.##########
........##.............########
##......##.....#.###<.......).#
........##.....#.############.#
#.......##....................#
#.......##....#..##############
#.......##......@#
........##....####
....######....# ....# ######
....# ....######### ............#
............# #...........#


There were no monsters in sight!

Vanquished Creatures
  A hungry ghost (D:7)
  Duvessa (D:5)
  3 ogres
  A phantom (D:8)
  2 centaurs
  A big kobold (D:7)
  2 giant frogs
  Dowan (D:5)
  3 scorpions (D:5)
  2 howler monkeys
  A crimson imp (D:6)
  A hound (D:5)
  3 giant frog skeletons
  A jelly (D:7)
  A centaur skeleton (D:7)
  Jessica (D:3)
  3 iguanas
  2 orc wizards (D:6)
  6 worker ants
  A worker ant zombie (D:7)
  4 gnolls
  5 adders
  A shadow imp (D:5)
  An adder zombie (D:6)
  3 adder skeletons
  3 worms (D:3)
  3 giant geckos
  12 orcs
  4 giant cockroaches
  4 goblins
  10 hobgoblins
  5 jackals
  7 kobolds
  4 quokkas
  3 ball pythons
  7 bats
  3 giant newts
  A quokka skeleton (D:7)
  6 rats
123 creatures vanquished.

Notes
Turn   | Place    | Note
--------------------------------------------------------------
     0 | D:1      | Jerry the Vampire Ice Elementalist began the quest for the Orb.
     0 | D:1      | Reached XP level 1. HP: 13/13 MP: 3/3
   498 | D:1      | Reached XP level 2. HP: 19/19 MP: 1/5
  1177 | D:2      | Reached skill level 4 in Ice Magic
  1492 | D:2      | Reached XP level 3. HP: 22/24 MP: 4/6
  1497 | D:2      | Learned a level 3 spell: Ozocubu's Armour
  1596 | D:2      | Found a glowing golden altar of the Shining One.
  1597 | D:2      | Found a sacrificial altar of Ru.
  2239 | D:3      | Reached skill level 1 in Charms
  2387 | D:3      | Noticed Jessica
  2645 | D:3      | Reached skill level 1 in Shields
  2645 | D:3      | Reached XP level 4. HP: 21/30 MP: 3/7
  2735 | D:3      | Killed Jessica
  2927 | D:3      | Reached XP level 5. HP: 35/35 MP: 6/8
  2933 | D:3      | Learned a level 4 spell: Throw Icicle
  3337 | D:3      | Found a bloodstained altar of Trog.
  3753 | D:4      | Found Cowes's Book Boutique.
  3780 | D:4      | Found Gotef's Jewellery Shop.
  4011 | D:4      | Reached XP level 6. HP: 41/41 MP: 5/9
  4086 | D:4      | Found Hedumoh's Antique Armour Shop.
  4123 | D:4      | Found Noji's Gadget Shoppe.
  4269 | D:4      | Found Plog's Distillery.
  4619 | D:5      | Entered Level 5 of the Dungeon
  4671 | D:5      | Noticed an ice beast
  4732 | D:5      | Reached skill level 5 in Ice Magic
  4770 | D:5      | Found a staircase to the Ecumenical Temple.
  4776 | Temple   | Entered the Ecumenical Temple
  5069 | D:5      | Reached XP level 7. HP: 46/46 MP: 6/10
  5207 | D:5      | Noticed Duvessa
  5209 | D:5      | Noticed Dowan
  5251 | D:5      | Killed Duvessa
  5257 | D:5      | Killed Dowan
  5257 | D:5      | Reached skill level 6 in Ice Magic
  5770 | D:6      | Found a shadowy altar of Dithmenos.
  5802 | D:6      | Found an oddly glowing altar of Pakellas.
  5806 | D:6      | Found a blossoming altar of Fedhas.
  5886 | D:6      | Found an ancient bone altar of Kikubaaqudgha.
  5889 | D:6      | Became a worshipper of Kikubaaqudgha
  5929 | D:6      | Noticed Menkaure
  5976 | D:6      | Reached skill level 1 in Necromancy
  5981 | D:6      | Reached XP level 8. HP: 52/52 MP: 7/11
  6094 | D:6      | Reached skill level 1 in Conjurations
  6170 | D:6      | Found a shattered altar of Ashenzari.
  6538 | D:7      | Found a glowing golden altar of the Shining One.
  6669 | D:7      | Reached skill level 5 in Dodging
  7168 | D:8      | Noticed Gottschkopf's ghost (novice DrTm)
  7175 | D:8      | Noticed Erica
  7608 | D:8      | HP: 1/52 [Erica/bolt of poison (30)]
  7609 | D:7      | Succumbed to Erica's bolt of poison

Skill      XL: |  1  2  3  4  5  6  7  8 |
---------------+-------------------------+-----
Ice Magic      | 4 5 6 |  6.5
Charms         | 2 3 |  3.4
Shields        | 1 2 3 4 |  4.8
Dodging        | 3 5 |  5.1
Necromancy     | 1 3 |  3.8
Conjurations   | 3 |  3.9
Stealth        | |  3.0
Spellcasting   | |  2.0

Action                   |  1- 3 |  4- 6 |  7- 9 || total
-------------------------+-------+-------+-------++-------
Melee: Whip              |    21 |     3 |       ||    24
       Bite              |     5 |       |       ||     5
 Fire: Hunting sling     |       |    86 |   223 ||   309
       Shortbow          |       |       |     9 ||     9
Throw: Stone             |    40 |     3 |       ||    43
 Cast: Freeze            |    53 |    64 |    63 ||   180
       Ozocubu's Armour  |     4 |       |     2 ||     6
  Use: Scroll            |     4 |     3 |     2 ||     9
  Eat: Corpse            |    15 |    13 |    10 ||    38
Armor: Robe              |    14 |       |       ||    14
       Leather armour    |     3 |    10 |    52 ||    65
Dodge: Dodged            |    38 |    40 |    72 ||   150
Block: Buckler           |       |     1 |    26 ||    27
